AoeStats
← HR Pinkman

Nomad

507146521Analyzed
4v4 RM · 16d ago on Sep 16, 2026· 32m 54s· 8 players
Game mode
Random Map
Map size
231×231
Population
200
Speed
Normal
Resources
Standard
Victory
Conquest
Starting age
Dark Age
Ending age
Imperial Age
RankedLock teamsTeams togetherTeam positionsShared explorationLock speedFull tech treeHidden civsTurbo modeCheats
Victory
Defeat
🇨🇱 Vietnamese · Chile
1849
+6
🇨🇱 Lithuanians · Chile
1821
+7
🇨🇱 Mongols · Chile
1788
+8
🇺🇸 Koreans · United States
1765
+10
🇲🇽 Vietnamese · Mexico
1744
-12
🇲🇽 Vikings · Mexico
1603
-8
🇲🇽 Magyars · Mexico
1538
-6
🇲🇽 Koreans · Mexico
1514
-5
Edgedancer
5:09 Loom
11:55 Feudal Age
15:12 Double-Bit Axe
16:52 Fletching
20:11 Castle Age
18:26 Fishing Lines
21:02 Medium Warships
20:48 Bodkin Arrow
22:53 Ballistics
27:37 Bow Saw
30:41 Town Watch
33:55 Wheelbarrow
HR Sobek
12:56 Feudal Age
13:41 Loom
16:41 Castle Age
15:13 Double-Bit Axe
17:46 Medium Warships
19:22 Bow Saw
20:35 Stone Mining
23:01 Horse Collar
25:53 Wheelbarrow
29:38 Ballistics
31:59 Imperial Age
30:15 Hand Cart
30:56 Gold Mining
31:22 Scale Barding Armor
31:57 Bloodlines
31:48 Husbandry
32:03 Cavalier
33:04 Chain Barding Armor
32:59 Town Watch
HR Pinkman
10:00 Loom
13:28 Feudal Age
17:15 Castle Age
16:32 Double-Bit Axe
16:27 Horse Collar
19:00 Bow Saw
19:21 Fletching
20:43 Padded Archer Armor
20:52 Bodkin Arrow
32:56 Wheelbarrow
neromelnick
9:59 Loom
12:11 Feudal Age
16:00 Castle Age
15:35 Double-Bit Axe
17:00 Fletching
20:51 Bodkin Arrow
24:18 Horse Collar
28:56 Ballistics
30:03 Padded Archer Armor
30:12 Town Watch
hK | triunFo
5:23 Loom
12:39 Feudal Age
18:21 Castle Age
19:51 Fletching
hK | TwisteR
6:03 Loom
13:00 Feudal Age
17:27 Castle Age
20:29 Scale Barding Armor
20:48 Bloodlines
25:22 Horse Collar
hK | Charles Martel
3:34 Loom
13:39 Feudal Age
17:20 Castle Age
15:26 Double-Bit Axe
16:04 Stone Mining
17:35 Fletching
19:58 Horse Collar
24:11 Bodkin Arrow
28:42 Wheelbarrow
31:49 Hand Cart
31:46 Bow Saw
31:36 Heavy Plow
hK | Agt. Smith
13:25 Feudal Age
17:12 Castle Age
15:45 Fletching
15:52 Double-Bit Axe
18:54 Bodkin Arrow
22:28 Ballistics
25:44 Clinker Construction
27:39 Medium Warships
28:58 Bow Saw
Connection lost

Rejoining the realm…

Still unreachable

The connection could not be restored.

Session expired

The server has moved on; the page needs a fresh start.